 Dungeon Crawl Stone Soup version 0.27-a0-679-g77a6b55cf3 (webtiles) character file.

Game seed: 13696192911556778193

7003 Allula97 the Slasher (level 10, -11/77 HPs)
             Began as a Demonspawn Berserker on Mar 19, 2021.
             Was a High Priest of Trog.
             Mangled by an orc warlord
             ... wielding a +1 long sword of venom
              (24 damage)
             ... on level 9 of the Dungeon.
             The game lasted 00:25:19 (9756 turns).

Allula97 the Slasher (Demonspawn Berserker)         Turns: 9756, Time: 00:25:23

Health: -11/77     AC: 16    Str: 21    XL:     10   Next: 82%
Magic:  0/10       EV: 12    Int: 15    God:    Trog [*****.]
Gold:   616        SH:  5    Dex: 12    Spells: 9/9 levels left

rFire    + . .     SeeInvis +   k - +9 quarterstaff of the Priest {flame, rF+ rC+}
rCold    + . .     Faith    .   (shield currently unavailable)
rNeg     + . .     Spirit   +   b - +2 ring mail "Sovin" {Harm rPois rN+ Will+}
rPois    +         Reflect  +   (helmet restricted)
rElec    .         Harm     +   H - +2 cloak {rCorr}
rCorr    +         Rampage  .   F - +0 pair of gloves
Will     +++..                  c - +0 pair of boots
Stlth    +++.......             u - amulet of reflection
HPRegen  1.22/turn              m - ring of see invisible
MPRegen  0.24/turn              v - ring of the Good {Int+6 Stlth+}

@: regenerating, studying Short Blades
A: antennae 2, slimy green scales 1, powered by death 1, magic shield, magic
regeneration
a: Renounce Religion, Berserk, Trog's Hand, Brothers in Arms


You were on level 9 of the Dungeon.
You worshipped Trog.
Trog was extremely pleased with you.
You visited 2 branches of the dungeon, and saw 10 of its levels.
You also visited: Sewer.

You collected 616 gold pieces.

Inventory:

Hand Weapons
 k - the +9 quarterstaff of the Priest (weapon) {flame, rF+ rC+}
   (You found it on level 7 of the Dungeon)

   It has been specially enchanted to burn those struck by it, causing extra
   injury to most foes and up to half again as much damage against particularly
   susceptible opponents.
   It protects you from fire.
   It protects you from cold.
 z - a +2 short sword of draining
Missiles
 w - a curare-tipped dart
 C - 4 silver boomerangs
Armour
 b - the +2 ring mail "Sovin" (worn) {Harm rPois rN+ Will+}
   (You found it on level 4 of the Dungeon)

   It protects you from poison.
   It protects you from negative energy.
   It affects your willpower, your defense against some magical effects.
   It increases damage dealt and taken.
 c - a +0 pair of boots (worn)
 F - a +0 pair of gloves (worn)
 H - a +2 cloak of preservation (worn)
Jewellery
 m - a ring of see invisible (right hand)
 p - a ring of wizardry
 u - an amulet of reflection (around neck)
 v - the ring of the Good (left hand) {Int+6 Stlth+}
   (You found it on level 5 of the Dungeon)

   [ring of intelligence]

   It affects your intelligence (+6).
   It makes you more stealthy.
Wands
 t - a wand of random effects (2)
 y - a wand of polymorph (22)
 A - a wand of mindburst (12)
 E - a wand of flame (19)
 G - a wand of paralysis (7)
Scrolls
 a - a scroll of vulnerability {unknown}
 d - a scroll of summoning
 f - a scroll of enchant armour
 h - a scroll of blinking
 j - a scroll of fear
 o - a scroll of enchant weapon
 q - a scroll of silence
 D - 4 scrolls of amnesia
Potions
 e - a potion of resistance {unknown}
 g - 2 potions of might
 i - 3 potions of lignification
 l - 5 potions of heal wounds
 n - a potion of attraction {unknown}
 r - a potion of haste {unknown}
 s - a potion of ambrosia
 x - a potion of flight
 B - 2 potions of curing


   Skills:
 * Level 6.9 Fighting
 * Level 4.4(6.3) Short Blades
 - Level 7.0(7.6) Long Blades
 * Level 6.5 Staves
 * Level 6.2 Armour
 * Level 5.2 Dodging
 * Level 5.1 Stealth
 + Level 0.4 Shields
 * Level 4.5 Evocations


You had 9 spell levels left.
You didn't know any spells.
Your spell library contained the following spells:

 Spells                   Type           Power      Damage    Failure   Level
 Animate Skeleton         Necr           0%         N/A       38%         1
 Apportation              Tloc           0%         N/A       38%         1
 Corona                   Hex            0%         N/A       38%         1
 Magic Dart               Conj           0%         1d3       38%         1
 Shock                    Conj/Air       0%         1d3       38%         1
 Summon Small Mammal      Summ           0%         N/A       38%         1
 Blink                    Tloc           N/A        N/A       54%         2
 Call Imp                 Summ           0%         N/A       54%         2
 Slow                     Hex            0%         N/A       54%         2
 Swiftness                Air            0%         N/A       54%         2
 Conjure Flame            Conj/Fire      0%         6-21      77%         3
 Mephitic Cloud           Conj/Pois/Air  0%         N/A       77%         3
 Static Discharge         Conj/Air       0%         N/A       77%         3
 Airstrike                Air            0%         N/A       99%         4
 Lightning Bolt           Conj/Air       0%         1d11      100%        5


Dungeon Overview and Level Annotations

Branches:
Dungeon (9/15)             Temple (0/1) D:7             Orc (1/2) D:9
  Sewer (visited)
   Lair: D:8-11

Altars:
Fedhas
Hepliaklqana
Yredelemnul

Shops:
D:8 [

Annotations:
D:6 Dig = 22g
Orc:1 Fannar


Innate Abilities, Weirdness & Mutations

You have a pair of antennae on your head.
You are partially covered in slimy green scales. (AC +2)
You regenerate a little health from kills.
When hurt, damage is shared between your health and your magic reserves.
You regenerate magic rapidly.


Message History

The warg bites you.
You thump the warg! You burn the warg!
The warg is almost dead.
You block the warg's attack.
You thump the warg! You burn the warg.
You kill the warg!
Trog accepts your kill.
You see here a +0 spear.
Items here: )) [[ ÷.
You start resting.
Magic restored.
You start resting.
HP restored.
There is a staircase to the Orcish Mines, spattered with blood here.
You climb downwards.
Welcome back to the Orcish Mines!
Level annotation: Fannar The warg bites you!
You block the warg's attack. You block the orc's attack.
Fannar mumbles some strange words.
The orc warrior barely misses you.
The orc wizard hits you but does no damage.
The warg barely misses you.
The orc warlord hits you with a +1 long sword of venom!
The orc hits you but does no damage. The warg barely misses you.
The orc warrior hits you with a +0 long sword.
The orc wizard hits you but does no damage.
There is a staircase back to the Dungeon, spattered with blood here.
The warg barely misses you. x2
The orc warlord roars a battlecry!
The orcs go into a battle-frenzy!
You block the orc's attack.
The orc warrior hits you with a +0 long sword!!
* * * LOW HITPOINT WARNING * * *
You climb upwards.
Welcome back to the Dungeon!
There is a staircase to the Orcish Mines, spattered with blood here.
Your skin crawls.
You feel strong-willed. The warg bites you!
* * * LOW HITPOINT WARNING * * *
The warg bites you but does no damage.
The orc warlord hits you with a +1 long sword of venom!!
You die...

#.....### #............##...
#.......# #............#....
#.....#############........#.
#.....#...#####...#.#.....##.
#.....#.8.....).8.#.##.#.##..
#####.#...#####...#.##.......
####.#'###)######.....#..
#.##o.o## ##.#...... #.##h@o#
##........# #)##.oh##
#.....##..#
##.#'###'######..(....# ###...##
##..)#.......#.# #.#.8.#
#.8)[.#.....#.. #.....#
#...#.......#.. ########.##.###
##.####........
#.....>..##.).####....##.......÷
#..)............................


You could see an orc warlord, 2 wargs, an orc warrior (strong), an orc wizard
(strong) and an orc (strong).

Vanquished Creatures
  A two-headed ogre (D:9)
  2 unseen horrors (D:9)
  The ghost of drd the Covert, a novice OpBr (D:8)
  Grinder (D:3)
  A slime creature (D:9)
  5 wraiths
  A wyvern (D:8)
  Eustachio (D:4)
  A warg (D:9)
  3 ice beasts
  2 orc warriors (D:9)
  A black bear (D:6)
  4 ogres
  A necrophage (D:7)
  3 centaurs
  A kobold brigand (Sewer)
  2 phantoms
  An elf zombie (D:7)
  4 bullfrogs
  3 scorpions
  A troll zombie (D:7)
  2 wights (D:7)
  5 howler monkeys
  4 human zombies (D:7)
  4 orc priests
  A hound (D:9)
  2 jellies
  Jessica (D:3)
  2 iguanas
  13 orc wizards
  A worker ant (D:8)
  4 hound zombies
  2 worker ant zombies
  13 adders
  4 gnolls (D:2)
  2 river rats (Sewer)
  A shadow imp (D:8)
  A white imp (D:8)
  2 ufetubi (D:8)
  2 oozes
  An adder skeleton (D:5)
  A worm (D:2)
  2 dart slugs
  7 leopard geckos
  67 orcs
  7 giant cockroaches
  5 goblins
  9 hobgoblins
  11 jackals
  A quokka (D:2)
  2 ball pythons (D:1)
  13 bats
  5 frilled lizards
  A jackal skeleton (D:7)
  16 kobolds
  A leopard gecko skeleton (D:5)
  An orc skeleton (D:7)
  An orc zombie (D:7)
  A quokka zombie (D:9)
  9 rats
267 creatures vanquished.

Notes
Turn   | Place    | Note
-------+----------+-------------------------------------------
     0 | D:1      | Allula97 the Demonspawn Berserker began the quest for the
                  | Orb.
     0 | D:1      | Reached XP level 1. HP: 18/18 MP: 1/1
   431 | D:1      | Gained mutation: You have a pair of small antennae on your
                  | head. [demonic ancestry]
   431 | D:1      | Reached XP level 2. HP: 14/24 MP: 2/2
   479 | D:1      | Reached skill level 3 in Long Blades
  1164 | D:1      | Gained mutation: You have a pair of antennae on your head.
                  | [demonic ancestry]
  1164 | D:1      | Reached XP level 3. HP: 15/29 MP: 3/3
  1725 | D:2      | Reached ** piety under Trog
  1878 | D:2      | Reached XP level 4. HP: 12/36 MP: 4/4
  2142 | D:2      | Reached skill level 1 in Stealth
  2487 | D:2      | Noticed an ice beast
  2495 | D:2      | Killed an ice beast
  2496 | D:2      | Reached skill level 4 in Long Blades
  2496 | D:2      | Reached XP level 5. HP: 42/42 MP: 5/5
  3209 | D:3      | Noticed Grinder
  3214 | D:3      | Noticed Jessica
  3222 | D:3      | Killed Grinder
  3223 | D:3      | Gained mutation: You regenerate a little health from kills.
                  | [demonic ancestry]
  3223 | D:3      | Reached XP level 6. HP: 49/49 MP: 6/6
  3226 | D:3      | Killed Jessica
  3564 | D:3      | Gained mutation: You are partially covered in slimy green
                  | scales. (AC +2) [demonic ancestry]
  3564 | D:3      | Reached XP level 7. HP: 54/55 MP: 7/7
  3962 | D:4      | Reached *** piety under Trog
  4022 | D:4      | Reached skill level 5 in Long Blades
  4217 | D:4      | Noticed Eustachio
  4243 | D:4      | Killed Eustachio
  4244 | D:4      | Reached skill level 1 in Evocations
  4271 | D:4      | Identified the +2 ring mail "Sovin" {Harm rPois rN+ Will+}
  4612 | D:5      | Entered Level 5 of the Dungeon
  4625 | D:5      | Gained mutation: You regenerate magic rapidly. [demonic
                  | ancestry]
  4625 | D:5      | Reached XP level 8. HP: 61/61 MP: 8/8
  4705 | D:5      | Reached skill level 6 in Long Blades
  4733 | D:5      | Reached skill level 5 in Fighting
  4760 | D:5      | HP: 3/62 [scorpion (8)]
  4874 | D:5      | Found a glowing drain.
  4900 | Sewer    | Entered a sewer
  5596 | D:5      | Identified the ring of the Good {Int+6 Stlth+}
  5753 | D:6      | Reached **** piety under Trog
  6553 | D:6      | Reached skill level 7 in Long Blades
  6553 | D:6      | Reached skill level 5 in Armour
  6553 | D:6      | Gained mutation: When hurt, damage is shared between your
                  | health and your magic reserves. [demonic ancestry]
  6553 | D:6      | Reached XP level 9. HP: 55/68 MP: 9/9
  7179 | D:7      | Identified a scroll of acquirement
  7180 | D:7      | Acquired a manual of Short Blades
  7320 | D:7      | Identified the +9 quarterstaff of the Priest {flame, rF+
                  | rC+}
  7416 | D:7      | Found a staircase to the Ecumenical Temple.
  7831 | D:7      | Reached skill level 1 in Short Blades
  7831 | D:7      | Reached skill level 1 in Staves
  7834 | D:7      | Found a basalt altar of Yredelemnul.
  8251 | D:8      | Found a runed translucent gate.
  8252 | D:8      | Found a runed translucent gate.
  8253 | D:8      | Found a runed translucent gate.
  8255 | D:8      | Noticed drd's ghost (novice OpBr)
  8270 | D:8      | Reached ***** piety under Trog
  8286 | D:8      | Killed drd's ghost
  8540 | D:8      | Reached XP level 10. HP: 33/76 MP: 4/10
  8590 | D:8      | Found Zolimiu's Antique Armour Boutique.
  8947 | D:8      | Found a hazy altar of Hepliaklqana.
  8947 | D:8      | Found a blossoming altar of Fedhas.
  9116 | D:9      | Noticed an unseen horror
  9123 | D:9      | Killed an unseen horror
  9124 | D:9      | Reached skill level 5 in Staves
  9168 | D:9      | Found a staircase to the Orcish Mines.
  9303 | D:9      | Noticed a two-headed ogre
  9308 | D:9      | Noticed an unseen horror
  9312 | D:9      | Killed a two-headed ogre
  9313 | D:9      | Reached skill level 5 in Dodging
  9318 | D:9      | Killed an unseen horror
  9319 | D:9      | Reached skill level 5 in Stealth
  9595 | Orc:1    | Entered Level 1 of the Orcish Mines
  9595 | Orc:1    | Noticed Fannar
  9595 | Orc:1    | Noticed an orc warlord
  9756 | D:9      | Mangled by an orc warlord

Illustrated notes

Levels and vault maps discovered:
D:1:      dpeg_arrival_radiant, layout_basic
D:2:      layout_basic
D:3:      layout_basic, minivault_23, bh_walls_and_bars, uniq_jessica,
          uniq_grinder
D:4:      layout_loops_ring, small_statue_intersection, grunt_decor_cap,
          uniq_eustachio
D:5:      layout_rooms, gup_sewer_entry_pipe, moated_statue
D:6:      lemuel_upstairs_altar, layout_loops_corners, due_unseen_surprise
D:7:      layout_basic, minmay_temple_entry_overgrown,
          lemuel_mausoleum_altar_yredelemnul
D:8:      layout_basic, amethyst_overflow_temple_binary,
          gammafunk_ghost_spectres, serial_shops, shop
D:9:      layout_rooms, hiddenorc2_lemuel, kb_rosetta
Orc:1:    layout_diamond_mine, hangedman_minor_magic, uniq_fannar, uniq_sonja

Skill      XL: |  1  2  3  4  5  6  7  8  9 10 |
---------------+-------------------------------+-----
Long Blades    | 3 4 5 7 |  7.0
Dodging        | 2 3 4 5 |  5.2
Armour         | 2 3 5 6 |  6.2
Stealth        | 1 2 3 4 5 |  5.1
Fighting       | 4 5 6 |  6.9
Evocations     | 1 2 3 4 |  4.5
Short Blades   | 3 4 |  4.4
Staves         | 4 6 |  6.5
Shields        | |  0.4

Action                   |  1- 3 |  4- 6 |  7- 9 | 10-12 || total
-------------------------+-------+-------+-------+-------++-------
Melee: Falchion          |    90 |   127 |   342 |       ||   559
       Quarterstaff      |       |       |    98 |   153 ||   251
       Short sword       |       |       |    12 |       ||    12
Invok: Berserk           |     5 |     4 |     7 |     2 ||    18
       Trog's Hand       |       |     1 |     4 |     2 ||     7
Evoke: Wand              |       |       |     3 |       ||     3
  Use: Scroll            |       |       |    13 |     3 ||    16
       Potion            |       |       |     7 |       ||     7
 Stab: Sleeping          |     1 |       |    10 |     1 ||    12
Armor: Animal skin       |    12 |       |       |       ||    12
       Ring mail         |    14 |    43 |   222 |    65 ||   344
Dodge: Dodged            |    66 |    81 |   330 |    89 ||   566
Block: Other             |       |       |       |    27 ||    27
       Rpst.: Falchion   |    21 |    30 |    75 |       ||   126

Table legend: (Time is in decaauts)
 A = Elapsed time spent in this place.
 B = Non-inter-level travel time spent in this place.
 C = Inter-level travel time spent in this place.
 D = Time resting spent in this place.
 E = Time spent auto-exploring this place.
 F = Levels seen in this place.
 G = Mean time per level.
                   A        B        C        D        E       F      G
               +--------+--------+--------+--------+--------+-----+--------+
         Total |  10044 |   9827 |    217 |    614 |   6513 |  11 |  913.1 |
       Dungeon |   9609 |   9392 |    217 |    609 |   6239 |   9 | 1067.7 |
  Orcish Mines |      5 |      5 |      0 |      0 |      0 |   1 |    5.0 |
         Sewer |    429 |    429 |      0 |      5 |    273 |   1 |  429.0 |
               +--------+--------+--------+--------+--------+-----+--------+

Top non-repeatable levels by time:
     D:1: 1637 daAuts
     D:2: 1569 daAuts
     D:6: 1380 daAuts
     D:7: 1206 daAuts
     D:8: 934 daAuts
     D:3: 805 daAuts
     D:4: 727 daAuts
     D:9: 686 daAuts
     D:5: 662 daAuts
   Sewer: 429 daAuts
   Orc:1: 5 daAuts
